 Dungeon Crawl Stone Soup version 0.17.0-24-gcfadda4 (console) character file.

8039 Kramin the Nimble (level 11, 0/72 HPs)
             Began as a Tengu Arcane Marksman on Nov 16, 2015.
             Was a Follower of Vehumet.
             Slain by a centaur warrior
             ... wielding the +11 hand axe "Toeboypn" {freeze, Str+4}
              (10 damage)
             ... on level 9 of the Dungeon.
             The game lasted 00:42:09 (15293 turns).

Kramin the Nimble (Tengu Arcane Marksman)          Turns: 15293, Time: 00:42:09

Health: 0/72       AC: 10    Str: 12    XL:     11   Next: 24%
Magic:  0/21       EV: 22    Int: 16    God:    Vehumet [*.....]
Gold:   410        SH:  0    Dex: 14    Spells: 2 memorised, 20 levels left

rFire  . . .     SeeInvis .     y - +3 rapier
rCold  . . .     Clarity  .     E - +2 robe {Archmagi}
rNeg   + . .     SustAt   .     (no shield)
rPois  .         Gourm    .     l - +2 hat
rElec  .         Spirit   +     U - +2 cloak
rCorr  .         Warding  .     H - +0 pair of gloves
rMut   .         Stasis   .     (boots unavailable)
MR     .....                    v - amulet of guardian spirit
Stlth  +.........               V - ring of wizardry
                                r - ring of positive energy

@: flying quickly and evasively, quick, not resistant to hostile enchantments,
very unstealthy
A: beak, horns 1, talons 3, able to fly 1
a: Renounce Religion


You were on level 9 of the Dungeon.
You worshipped Vehumet.
Vehumet was aware of your devotion.
You were not hungry.

You visited 2 branches of the dungeon, and saw 10 of its levels.
You also visited: Sewer.

You collected 410 gold pieces.

Inventory:

Hand Weapons
 y - a +3 rapier (weapon)
 R - a +0 trident of freezing
Missiles
 a - 9 javelins (quivered)
 t - 13 tomahawks
Armour
 l - a +2 hat (worn)
 E - a +2 robe of the Archmagi (worn)
 H - a +0 pair of gloves (worn)
 U - a +2 cloak (worn)
Jewellery
 r - a ring of positive energy (left hand)
 v - an amulet of guardian spirit (around neck)
 S - an uncursed amulet of resist mutation
 V - a ring of wizardry (right hand)
Wands
 k - a wand of cold (0)
 s - a wand of teleportation (5)
 Y - a wand of draining (0)
 Z - a wand of lightning (3)
Scrolls
 c - 5 scrolls of teleportation
 g - a scroll of acquirement {unknown}
 i - 2 scrolls of fog
 m - 2 scrolls of amnesia
 q - 4 scrolls of remove curse
 x - 2 scrolls of summoning {unknown}
 C - 2 scrolls of enchant armour {unknown}
 D - a scroll of noise {unknown}
 F - 3 scrolls of blinking
 G - 2 scrolls of recharging
 J - a scroll of magic mapping {unknown}
 K - a scroll of immolation {unknown}
 T - a scroll of holy word {unknown}
 W - a scroll of random uselessness {unknown}
Potions
 h - 2 potions of haste
 j - 2 potions of brilliance
 n - 6 potions of curing
 o - 2 potions of agility
 p - 3 potions of flight
 w - 2 potions of might
 M - a potion of cancellation
 N - a potion of resistance
 O - 2 potions of berserk rage
 P - 3 potions of magic
Books
 d - a book of Debilitation

   Spells                             Type                      Level
   a - Corona                         Hexes                        1
   b - Slow                           Hexes                        2
   c - Gell's Gravitas                Hexes/Translocation          3
   d - Inner Flame                    Hexes/Fire                   3
   e - Cause Fear                     Hexes                        4
   f - Leda's Liquefaction            Hexes/Earth                  4
 Q - a book of Spatial Translocations

   Spells                             Type                      Level
   a - Apportation                    Translocation                1
   b - Blink                          Translocation                2
   c - Shroud of Golubria             Charms/Translocation         2
   d - Portal Projectile              Translocation                3
   e - Teleport Other                 Translocation                3
   f - Passage of Golubria            Translocation                4
Comestibles
 e - 8 bread rations
 u - 4 meat rations
 A - 4 beef jerkies
 L - 2 fruits
 X - 7 royal jellies


   Skills:
 + Level 9.6 Fighting
 - Level 8.1 Short Blades
 - Level 2.2 Polearms
 - Level 2.0 Throwing
 + Level 10.5 Dodging
 + Level 6.5 Spellcasting
 - Level 2.1 Hexes


You had 20 spell levels left.
You knew the following spells:

 Your Spells              Type           Power        Failure   Level  Hunger
b - Blink                 Tloc           N/A          9%          2    None
c - Corona                Hex            ###....      3%          1    None


Dungeon Overview and Level Annotations

Branches:
Dungeon (9/15)             Temple (1/1) D:7
   Lair: D:8-11         Orc: D:9-12

Altars:
Ashenzari
Cheibriados
Dithmenos
Elyvilon
Fedhas
Gozag
Kikubaaqudgha
Makhleb
Nemelex Xobeh
Okawaru
Qazlal
Trog
Vehumet
Xom
The Shining One

Annotations:
D:7 exclusion: killer bee


Innate Abilities, Weirdness & Mutations

You have a beak for a mouth.
You have claws for feet.
You can fly.
You have a pair of small horns on your head.


Message History

The centaur warrior unwields an uncursed shortbow.
The centaur warrior wields an uncursed smoking hand axe {freeze}.
It glows with a cold blue light!
The centaur warrior hits you but does no damage.
You see here an arrow of frost.
Evoke which item? (* to show all) (? for menu, Esc to quit)
Zapping:
Z - a wand of lightning {zapped: 5} (will waste charges)
Press: ? - help, Shift-Dir - straight line You hear a mighty clap of thunder!
The bolt of lightning misses the centaur warrior.
The bolt of lightning hits the centaur warrior.
The centaur warrior is moderately wounded.
Evoking this partially-identified wand wasted a few charges.
You hear a shout!
You hear an angry hiss.
You hear a screech!
You hear a shout!
The centaur warrior hits you with an uncursed smoking hand axe {freeze}!
* * * LOW HITPOINT WARNING * * *
The centaur warrior freezes you.
* * * LOW HITPOINT WARNING * * *
The centaur warrior hits you with an uncursed smoking hand axe {freeze}!
You die...

###........# #.#
#..........#####'#
#..........##.../.
#..........##.....
#.#.#.#.##.##.....
#.#.#............)
#.#.###+###.###..#
############.#...........#...
............@###.........#...
........(...(c)((............
........(..<####).....######.
............# #.......... .
............# #.#....###### .
............# #..........)# .
....###'###.# #...##...[..#
... #.# #.# #...##.c....# .
#.# #.# #!..........#


You could see a centaur warrior.

Vanquished Creatures
  The ghost of Botennoom the Basher, a novice OgWr of Cheibriados (D:7)
  A hill giant (D:9)
  Maurice (D:8)
  A queen bee (D:8)
  Prince Ribbit (D:7)
  2 humans (D:7)
  A hungry ghost (D:9)
  Menkaure (D:5)
  A steam dragon (D:8)
  2 sky beasts
  A water moccasin (D:8)
  A phantom (D:7)
  4 orc warriors
  4 centaurs
  9 giant frogs
  4 ogres
  Blork the orc (D:4)
  A big kobold (D:5)
  5 scorpions
  5 wights (D:6)
  30 killer bees
  7 crimson imps
  A quasit (D:6)
  A centaur zombie (D:6)
  7 jellies
  A centaur skeleton (D:4)
  3 orc priests
  2 giant frog skeletons
  3 worker ants
  8 hounds
  Terence (D:3)
  Natasha (thrice) (D:2)
  3 iguanas
  8 orc wizards
  3 hound skeletons
  2 worker ant zombies (D:7)
  12 adders
  9 gnolls
  2 river rats (Sewer)
  2 shadow imps
  2 oozes (Sewer)
  An adder zombie (D:8)
  3 worms
  40 orcs
  8 giant cockroaches
  5 goblins
  13 hobgoblins
  5 jackals
  12 ball pythons
  14 bats
  A giant cockroach zombie (D:5)
  5 giant geckos
  A giant gecko skeleton (D:5)
  9 giant newts
  19 kobolds
  A quokka (D:6)
  4 quokka skeletons
  31 rats
329 creatures vanquished.

Vanquished Creatures (others)
  An orc (D:8)
1 creature vanquished.

Grand Total: 330 creatures vanquished

Notes
Turn   | Place    | Note
--------------------------------------------------------------
     0 | D:1      | Kramin the Tengu Arcane Marksman began the quest for the Orb.
     0 | D:1      | Reached XP level 1. HP: 12/12 MP: 3/3
   264 | D:1      | Reached XP level 2. HP: 10/16 MP: 4/4
   267 | D:1      | Reached skill level 1 in Polearms
  1302 | D:1      | Reached XP level 3. HP: 20/20 MP: 5/5
  1904 | D:2      | Reached skill level 3 in Dodging
  1927 | D:2      | HP: 1/21 [poisoned by an adder]
  2341 | D:2      | Reached XP level 4. HP: 24/26 MP: 6/6
  2498 | D:2      | Noticed Natasha
  2526 | D:2      | Killed Natasha
  2759 | D:2      | Reached skill level 1 in Short Blades
  2899 | D:2      | Noticed Natasha
  2903 | D:2      | Killed Natasha
  2978 | D:2      | Noticed Natasha
  2983 | D:2      | Killed Natasha
  3006 | D:3      | Gained mutation: You can fly. [Tengu growth]
  3006 | D:3      | Reached XP level 5. HP: 31/31 MP: 7/7
  3202 | D:3      | Noticed Terence
  3240 | D:3      | Gained mutation: You have a pair of small horns on your head. [potion of beneficial mutation]
  3427 | D:3      | Killed Terence
  3427 | D:3      | Reached XP level 6. HP: 26/37 MP: 8/8
  3598 | D:3      | Reached skill level 4 in Dodging
  3723 | D:4      | Noticed Blork the orc
  3744 | D:4      | Killed Blork the orc
  3822 | D:4      | Found a glowing drain.
  3833 | Sewer    | Entered a sewer
  4097 | Sewer    | Reached XP level 7. HP: 40/42 MP: 9/9
  4852 | D:4      | Reached skill level 5 in Short Blades
  5064 | D:4      | Reached skill level 5 in Dodging
  5291 | D:4      | Reached XP level 8. HP: 46/48 MP: 10/10
  5625 | D:4      | Reached skill level 6 in Short Blades
  5704 | D:5      | Entered Level 5 of the Dungeon
  5895 | D:5      | Reached skill level 5 in Fighting
  5905 | D:5      | Noticed Menkaure
  5926 | D:5      | Killed Menkaure
  6295 | D:5      | Reached skill level 7 in Short Blades
  6681 | D:5      | Reached XP level 9. HP: 49/55 MP: 6/11
  6814 | D:5      | Found a white marble altar of Elyvilon.
  7161 | D:6      | Reached skill level 8 in Short Blades
  8306 | D:6      | Learned a level 2 spell: Blink
  9359 | D:7      | Found a staircase to the Ecumenical Temple.
  9444 | D:7      | Noticed Botennoom's ghost (novice OgWr)
  9633 | D:7      | Killed Botennoom's ghost
  9633 | D:7      | Reached XP level 10. HP: 13/64 MP: 15/17
 10197 | D:7      | Found an iron altar of Okawaru.
 10210 | D:7      | Reached skill level 9 in Dodging
 11075 | Temple   | Entered the Ecumenical Temple
 11163 | Temple   | Became a worshipper of Vehumet
 11216 | D:8      | Noticed Prince Ribbit
 11813 | D:8      | Reached skill level 5 in Spellcasting
 11934 | D:7      | Killed Prince Ribbit
 13202 | D:8      | Reached * piety under Vehumet
 13202 | D:8      | Offered knowledge of Sandblast by Vehumet.
 13208 | D:8      | Reached skill level 10 in Dodging
 13567 | D:8      | Reached XP level 11. HP: 45/71 MP: 18/20
 13935 | D:8      | Found a shimmering altar of Xom.
 14626 | D:9      | Noticed Maurice
 14650 | D:8      | Killed Maurice
 14966 | D:9      | Noticed a centaur warrior
 14993 | D:9      | Noticed a hill giant
 15008 | D:9      | Found a shadowy altar of Dithmenos.
 15020 | D:9      | Killed a hill giant
 15293 | D:9      | Identified the +11 hand axe "Toeboypn" {freeze, Str+4}
 15293 | D:9      | Slain by a centaur warrior

Action                   |  1- 3 |  4- 6 |  7- 9 | 10-12 || total
-------------------------+-------+-------+-------+-------++-------
Melee: Spear             |   159 |     2 |       |       ||   161
       Rapier            |       |   181 |   567 |   455 ||  1203
       Trident           |       |       |    15 |       ||    15
Throw: Tomahawk          |     4 |    13 |     9 |     2 ||    28
       Javelin           |       |    12 |    34 |    15 ||    61
       Throwing net      |       |     1 |     2 |     1 ||     4
 Cast: Corona            |       |       |    27 |    84 ||   111
       Blink             |       |       |       |     3 ||     3
 Abil: Fly               |       |       |     5 |    10 ||    15
Evoke: Wand              |       |       |       |     6 ||     6
  Use: Scroll            |       |     7 |     3 |     7 ||    17
       Potion            |       |     1 |     4 |     5 ||    10
 Stab: Sleeping          |     3 |       |     1 |     1 ||     5
       Held in net/web   |       |       |     2 |       ||     2
  Eat: Chunk             |     5 |     5 |    15 |    15 ||    40
       Bread ration      |       |       |     1 |       ||     1
       Meat ration       |       |       |       |     1 ||     1
       Royal jelly       |       |       |       |     1 ||     1
